Map: [ESL] Solaris

Players

Elazer - Winner!

  • Race: Zerg Zerg
  • Spawn Location: 7:00

Lambo

  • Race: Zerg Zerg
  • Spawn Location: 1:00

Event: ESL SC2 Masters 2023 Winter (Regional)

VOD

Have the link to the VOD?

Description

Time

  • Played on: Nov. 9, 2023, 9:04 a.m.
  • Length: 7:45

All games in this series

Show
View Real Time Build Order
Export as new Build Order

Elazer Zerg - Winner!

Build Orders: Hatch First 

Get SALT Encoding   

  12  0:00  Drone  
  13  0:12  Overlord  
  13  0:17  Drone  
  14  0:30  Drone x2  
  16  0:47  Hatchery  
  15  0:50  Drone  
  15  0:54  Drone  
  17  0:57  Drone  
  18  1:08  Extractor  
  17  1:12  Spawning Pool  
  17  1:15  Drone  
  17  1:18  Drone  
  18  1:28  Drone  
  19  1:59  Zergling x6, Queen x2  
  19  2:00  Zergling x2  
  27  2:10  Zergling x2  
  27  2:38  Overlord  
  27  2:45  Overlord  
  27  2:56  Drone x6  
  33  3:07  Drone x3  
  33  3:12  Metabolic Boost  
  36  3:18  Overlord  
  36  3:19  Drone  
  37  3:23  Drone x2  
  37  3:25  Drone  
  40  3:35  Overlord  
  40  3:38  Drone x3  
  40  3:39  Drone  
  40  3:41  Drone  
  46  3:48  Drone  
  46  3:50  Hatchery  
  45  3:59  Drone x5  
  50  4:07  Zergling x2  
  51  4:10  Zergling x12  
  51  4:17  Zergling x2, Roach Warren  
  56  4:18  Zergling x2  
  56  4:24  Zergling x2  
  59  4:32  Overlord  
  59  4:37  Lair  
  59  4:47  Zergling x2  
  59  4:49  Overlord  
  59  4:50  Zergling x12  
  65  4:56  Queen  
  65  4:59  Overlord  
  67  5:09  Roach x3  
  73  5:14  Overlord  
  73  5:16  Extractor  
  73  5:17  Extractor  
  73  5:19  Roach x2  
  75  5:24  Drone x7  
  82  5:40  Drone x5  
  87  5:48  Glial Reconstitution  
  87  5:51  Evolution Chamber  
  87  5:53  Drone x3  
  89  5:57  Overlord  
  89  5:59  Drone  
  89  6:01  Drone  
  91  6:04  Overseer  
  91  6:09  Overlord  
  91  6:10  Roach x3  
  97  6:13  Drone  
  97  6:14  Overlord  
  98  6:23  Roach x5  
  105  6:28  Overlord  
  105  6:30  Extractor  
  104  6:33  Roach  
  104  6:34  Roach x3  
  104  6:39  Roach x2, Queen  
  116  6:40  Queen  
  116  6:41  Spine Crawler  
  116  6:42  Spine Crawler  
  116  6:45  Roach x2  
  121  6:47  Zergling x12  
  116  7:01  Roach x3  
  116  7:05  Roach x5  
  111  7:09  Roach  
  111  7:14  Roach x2  
  106  7:22  Roach x4  
  111  7:26  Roach  
Show
View Real Time Build Order
Export as new Build Order

Lambo Zerg 

Build Orders: Pool First 

Get SALT Encoding   

  12  0:17  Spawning Pool  
  11  0:21  Drone  
  11  0:26  Drone  
  13  0:30  Drone  
  14  0:39  Overlord  
  14  1:03  Zergling x4  
  16  1:04  Zergling x2  
  17  1:15  Zergling x2  
  17  1:18  Hatchery  
  17  1:26  Zergling x2  
  17  1:32  Queen  
  20  1:37  Zergling x2  
  21  1:48  Overlord  
  21  1:58  Drone  
  22  2:07  Queen  
  23  2:10  Drone  
  24  2:25  Drone  
  24  2:30  Queen  
  24  2:31  Drone x2  
  27  2:39  Extractor  
  27  2:42  Drone x2  
  28  2:46  Drone x3  
  31  2:53  Drone  
  33  2:58  Drone  
  33  3:10  Overlord  
  33  3:11  Overlord  
  33  3:14  Drone x2  
  33  3:18  Drone  
  36  3:28  Drone x4  
  36  3:31  Drone  
  41  3:37  Drone  
  41  3:39  Metabolic Boost  
  42  3:41  Drone  
  42  3:42  Drone x3  
  46  3:53  Hatchery  
  45  3:57  Overlord  
  45  4:00  Zergling x4  
  47  4:03  Zergling x4  
  47  4:05  Zergling x2  
  50  4:13  Overlord  
  50  4:15  Roach Warren  
  50  4:16  Zergling x4  
  51  4:20  Overlord  
  51  4:24  Overlord  
  51  4:25  Zergling x2  
  51  4:30  Overlord  
  51  4:31  Extractor  
  51  4:34  Zergling x6  
  51  4:38  Zergling x2  
  55  4:43  Zergling x2  
  56  4:47  Zergling x6  
  56  4:52  Zergling x4  
  61  4:58  Zergling x6  
  64  5:04  Zergling x4  
  64  5:15  Zergling x6  
  66  5:23  Zergling x8  
  66  5:27  Zergling x10  
  75  5:40  Roach x3  
  83  5:50  Roach x7  
  83  5:56  Roach  
  97  5:57  Overlord  
  97  5:58  Overlord  
  97  6:01  Overlord  
  97  6:02  Overlord  
  97  6:11  Overlord  
  97  6:12  Overlord  
  97  6:16  Overlord  
  96  6:19  Roach  
  96  6:21  Zergling x4  
  96  6:25  Ravager x4  
  102  6:26  Ravager  
  102  6:27  Zergling x2  
  106  6:33  Zergling x6  
  106  6:36  Zergling x2  
  106  6:38  Zergling x2  
  106  6:39  Ravager  
  110  6:41  Zergling x2  
  110  6:44  Zergling x4  
  110  6:46  Zergling x2  
  113  6:49  Zergling x4  
  113  6:51  Zergling x2  
  116  6:59  Zergling x8  
  108  7:03  Zergling x4  
  108  7:07  Zergling x4  
  94  7:10  Zergling x4  
  94  7:12  Zergling x2  
  94  7:14  Zergling x2  
  84  7:17  Zergling x4  
  79  7:23  Zergling x6  
  79  7:26  Zergling x4  
Tags
 
Add a new tag
Caveats
  • Supply blocks, unpowered buildings, or Contaminate may cause inaccurate times.
  • Supply counts are checked every 10 seconds.